 Dungeon Crawl Stone Soup version 0.32-a0-35-gd9ff480968 (webtiles) character file.

Game seed: 16467442853791886085

1 hey the Grave Robber (level 1, 13/13 HPs)
             Began as a Vampire Necromancer on Jan 21, 2024.
             Safely got out of the dungeon.
             The game lasted 00:01:58 (92 turns).

hey the Grave Robber (Vampire Necromancer)            Turns: 92, Time: 00:01:59

Health: 13/13      AC:  2    Str:  7    XL:     1   Next: 16%
Magic:  3/3        EV: 12    Int: 17    God:
Gold:   0          SH:  0    Dex: 14    Spells: 3/4 levels left

rFire   . . .        (no weapon)
rCold   . . .        (no shield)
rNeg    . . .        a - +0 robe
rPois   .            (no helmet)
rElec   .            (no cloak)
rCorr   .            (no gloves)
SInv    +            (no boots)
Will    .....        (no amulet)
Stlth   ++           (no ring)
HPRegen 0.42/turn    (no ring)
MPRegen 0.08/turn

%: no passive effects
@: healing quickly
A: alive, fangs 3, see invisible, vampiric 1
a: Exsanguinate


You escaped.
You visited 1 branch of the dungeon, and saw 1 of its levels.

Inventory:

Hand Weapons
 d - a +0 spear
 f - a +0 short sword
Armour
 a - a +0 robe (worn)
 e - a +0 ring mail
Scrolls
 c - a scroll of teleportation {unknown}
Potions
 b - a potion of magic


   Skills:
 + Level 2.1 Dodging
 + Level 3.0 Stealth
 + Level 2.0 Spellcasting
 + Level 4.4 Necromancy


You had 3 spell levels left.
You knew the following spells:

 Your Spells              Type           Power      Damage    Failure   Level
a - Necrotise             Necr           64%        1d7       3%          1

Your spell library contained the following spells:

 Spells                   Type           Power      Damage    Failure   Level
 Vampiric Draining        Necr           16%        2d7       10%         3
 Animate Dead             Necr           16%        N/A       30%         4
 Curse of Agony           Necr           16%        N/A       65%         5


Dungeon Overview and Level Annotations

Branches:
Dungeon (1/15)

Altars:


Innate Abilities, Weirdness & Mutations

Your natural rate of healing is accelerated.
You have razor-sharp teeth.
You have supernaturally acute eyesight. (SInv)
You are afflicted with vampirism.


Message History

The kobold is moderately wounded.
The kobold hits you but does no damage.
You hit the kobold but do no damage. Your bite misses the kobold.
The kobold is moderately wounded.
The kobold hits you with a +0 short sword.
You hit the kobold but do no damage.
The kobold is moderately wounded.
The kobold hits you with a +0 short sword.
You closely miss the kobold.
The kobold is moderately wounded.
The kobold barely misses you.
You closely miss the kobold.
The kobold is moderately wounded.
The kobold hits you with a +0 short sword.
You hit the kobold but do no damage.
The kobold is moderately wounded.
The kobold barely misses you.
You closely miss the kobold.
The kobold is moderately wounded.
The kobold closely misses you.
You hit the kobold.
The kobold is heavily wounded.
The kobold hits you with a +0 short sword.
You closely miss the kobold. You bite the kobold.
You kill the kobold!
You see here a +0 short sword.
You see here a +0 short sword.
f - a +0 short sword
There are no items here.
There are no items here.
There are no items here.
There are no items here.
A hobgoblin comes into view.
The hobgoblin shouts!
You hear a shout!
There is a staircase leading out of the dungeon here.
There are no items here.
There are no items here.
There are no items here.
There are no items here.
You have escaped!

##..........######
#+#######'####...........
##.........## ####......#
#...#####...# #....#....###
#.#.#.# #.#.#.#####.###>....
#. #.##.#.##.##.# #.#.....# #.
#.# #.# #g# #.###..)#.###
##.####.##.#.##.####.##.###...
+.........# #(.@......'.#
###... #..####.###
###.####..#.# ### #.# #.#
#.#.#.# #.## ##.#.##.#.# #.#
#.# #.#.. #.# #.# #.#.# #.#
#.# #.#.# ..# #. ..#.# +..


You could see a hobgoblin.

Vanquished Creatures
  A kobold (D:1)
1 creature vanquished.

Notes
Turn   | Place    | Note
-------+----------+-------------------------------------------
     0 | D:1      | hey the Vampire Necromancer began the quest for the Orb.
     0 | D:1      | Reached XP level 1. HP: 13/13 MP: 3/3
    92 | D:$      | Safely got out of the dungeon.

Illustrated notes

Levels and vault maps discovered:
D:1:      roderic_octagonal_star, layout_rooms

Action                     || total
---------------------------++-------
  Melee: Unarmed           ||    12
         Bite              ||     2
 Armour: Robe              ||    13
  Dodge: Dodged            ||    14

Table legend: (Time is in decaauts)
 A = Elapsed time spent in this place.
 B = Non-inter-level travel time spent in this place.
 C = Inter-level travel time spent in this place.
 D = Time resting spent in this place.
 E = Time spent auto-exploring this place.
 F = Levels seen in this place.
 G = Mean time per level.
                   A        B        C        D        E       F      G
               +--------+--------+--------+--------+--------+-----+--------+
         Total |     92 |     76 |     16 |      0 |      0 |   1 |   92.0 |
       Dungeon |     92 |     76 |     16 |      0 |      0 |   1 |   92.0 |
               +--------+--------+--------+--------+--------+-----+--------+

Top non-repeatable levels by time:
     D:1: 92 daAuts
